Map: Ulrena

Players

Draug

  • Race: Zerg Zerg
  • League: Silver
  • Spawn Location: 11:00

zidar - Winner!

  • Race: Zerg Zerg
  • League: Silver
  • Spawn Location: 7:00

VOD

Have the link to the VOD?

Description

Time

  • Played on: Dec. 10, 2015, 8:10 a.m.
  • Length: 3:30
Show
View Real Time Build Order
Export as new Build Order

Draug Zerg 

Build Orders: Pool Only 

Get SALT Encoding   

  12  0:03  Drone  
  13  0:09  Drone  
  14  0:17  Overlord  
  14  0:35  Spawning Pool  
  13  0:39  Drone  
  13  0:42  Drone  
  15  0:48  Extractor  
  14  0:52  Drone x2  
  16  0:57  Extractor  
  15  1:17  Drone x2  
  17  1:26  Spore Crawler  
  17  1:29  Drone  
  17  1:31  Queen  
  19  1:56  Drone x3  
  22  2:08  Overlord  
  22  2:22  Lair  
  22  2:40  Spine Crawler  
  22  2:44  Drone  
  22  2:48  Overlord x2  
  22  3:09  Zergling x4  
  22  3:10  Zergling x2  
Show
View Real Time Build Order
Export as new Build Order

zidar Zerg - Winner!

Build Orders: Pool Only 

Get SALT Encoding   

  12  0:19  Spawning Pool  
  11  0:23  Drone  
  11  0:27  Extractor  
  11  0:29  Drone  
  11  0:34  Drone  
  13  0:49  Overlord  
  13  0:56  Drone  
  14  1:07  Queen  
  16  1:11  Zergling x2  
  16  1:17  Zergling x2  
  18  1:26  Metabolic Boost  
  18  1:31  Drone  
  19  1:36  Drone  
  20  1:40  Zergling x2  
  21  2:15  Zergling x2  
  21  2:19  Overlord  
  22  2:24  Extractor  
  22  2:25  Zergling x2  
  23  2:46  Roach Warren  
  23  2:50  Zergling x6  
Tags
 
Matchup
ZvZ
Race
Zerg
Spawn Locations
Close Positions
Add a new tag
Caveats
  • Supply blocks, unpowered buildings, or Contaminate may cause inaccurate times.
  • Supply counts are checked every 10 seconds.